3AAA
AUGUSTA TIMBER HAWKS @ ELLENBURG FIGHTING DACHSUNDS
09/05/2028
 
TOP OF THE 1ST
Augusta Timber Hawks batting - Pitching for Ellenburg Fighting Dachsunds : RHP Daniel Riley
Pitching: RHP Daniel Riley
Batting: RHB Jeremy Boyter 0-0: Called Strike
0-1: Ball
1-1: Ground out 6-3 (Groundball, 6)
Batting: RHB Anastasio Hernández 0-0: Called Strike
0-1: Foul Ball, location: 2F
0-2: Ball
1-2: Fly out, F8 (Line Drive, 8LXD)
Batting: LHB Alberto Torres 0-0: Ball
1-0: Called Strike
1-1: Swinging Strike
1-2: Ball
2-2: Strikes out swinging
Top of the 1st over - 0 run(s), 0 hit(s), 0 error(s), 0 left on base; Augusta 0 - Ellenburg 0
BOTTOM OF THE 1ST
Ellenburg Fighting Dachsunds batting - Pitching for Augusta Timber Hawks : LHP Roy Alsobrook
Pitching: LHP Roy Alsobrook
Batting: RHB Norman Winston 0-0: Called Strike
0-1: SINGLE (Groundball, 34D)
Batting: RHB José Vázquez 0-0: Ball
1-0: Called Strike
1-1: Ball
2-1: Ground out 4-3 (Groundball, 4)
Norman Winston to second
Batting: RHB Peter Heard 0-0: Ball
1-0: Fly out, F9 (Flyball, 89S)
Batting: RHB Preston Hernández 0-0: Ball
1-0: Called Strike
1-1: Ball
2-1: Foul Ball, location: 2F
2-2: Ground out 6-3 (Groundball, 6)
Bottom of the 1st over - 0 run(s), 1 hit(s), 0 error(s), 1 left on base; Augusta 0 - Ellenburg 0
TOP OF THE 2ND
Augusta Timber Hawks batting - Pitching for Ellenburg Fighting Dachsunds : RHP Daniel Riley
Batting: LHB José Marín 0-0: Ball
1-0: Ground out 4-3 (Groundball, 4)
Batting: RHB Scott Robertson 0-0: Called Strike
0-1: Ball
1-1: Called Strike
1-2: SINGLE (Groundball, 56D)
Batting: SHB Adrián Zamudio 0-0: Called Strike
0-1: SINGLE (Groundball, 4MD)
Scott Robertson to second
Runner from 2nd tries for 3rd, SAFE, throw made to third
Adrián Zamudio to second
Batting: RHB Pedro Jiménez 0-0: Ball
1-0: Swinging Strike
1-1: Ball
2-1: Foul Ball, location: 2F
2-2: Strikes out swinging
Batting: LHB António Serrano 0-0: Ball
1-0: Swinging Strike
1-1: Called Strike
1-2: Strikes out swinging
Top of the 2nd over - 0 run(s), 2 hit(s), 0 error(s), 2 left on base; Augusta 0 - Ellenburg 0
BOTTOM OF THE 2ND
Ellenburg Fighting Dachsunds batting - Pitching for Augusta Timber Hawks : LHP Roy Alsobrook
Batting: RHB Héctor Rivera 0-0: Ball
1-0: Ball
2-0: Ball
3-0: Called Strike
3-1: Called Strike
3-2: SINGLE (Groundball, 56D)
Batting: RHB Edwin Berns 0-0: Ball
1-0: Ball
2-0: Ball
3-0: Base on Balls
Héctor Rivera to second
Batting: RHB Jack Burton 0-0: SINGLE (Line Drive, 8RS)
Héctor Rivera to third
Edwin Berns to second
Runner from 3rd tries for Home, throw and OUT!
Batting: RHB Marty Jennings 0-0: Ball
1-0: SINGLE (Line Drive, 6M)
Edwin Berns to third
Jack Burton to second
Runner from 3rd tries for Home, SAFE, no throw
Batting: RHB Roy Bowman 0-0: Grounds into double play, 6-4-3 (Groundball, 56)
Bottom of the 2nd over - 1 run(s), 3 hit(s), 0 error(s), 1 left on base; Augusta 0 - Ellenburg 1
TOP OF THE 3RD
Augusta Timber Hawks batting - Pitching for Ellenburg Fighting Dachsunds : RHP Daniel Riley
Batting: RHB Uchino Akahito 0-0: Foul Ball, location: 2F
0-1: DOUBLE (Line Drive, 8LD)
Batting: RHB Jeremy Boyter 0-0: Called Strike
0-1: Ball
1-1: Foul Ball, location: 2F
1-2: Ground out 6-3 (Groundball, 6)
Batting: RHB Anastasio Hernández 0-0: Ball
1-0: Ball
2-0: Ball
3-0: Called Strike
3-1: Base on Balls
Batting: LHB Alberto Torres 0-0: Ball
1-0: Fly out, F9 (Flyball, 9S)
Batting: LHB José Marín 0-0: Ball
1-0: Ball
2-0: Foul Ball, location: 2F
2-1: Foul Ball, location: 2F
2-2: Ball
3-2: Foul Ball, location: 2F
3-2: Base on Balls
Uchino Akahito to third
Anastasio Hernández to second
Batting: RHB Scott Robertson 0-0: Ground out 3-1 (Groundball, 34)
Top of the 3rd over - 0 run(s), 1 hit(s), 0 error(s), 3 left on base; Augusta 0 - Ellenburg 1
BOTTOM OF THE 3RD
Ellenburg Fighting Dachsunds batting - Pitching for Augusta Timber Hawks : LHP Roy Alsobrook
Batting: RHB Norman Winston 0-0: Ball
1-0: Fly out, F9 (Flyball, 9LS)
Batting: RHB José Vázquez 0-0: Foul Ball, location: 2F
0-1: Swinging Strike
0-2: Ball
1-2: Fly out, F9 (Flyball, 9S)
Batting: RHB Peter Heard 0-0: Called Strike
0-1: Ground out 4-3 (Groundball, 34)
Bottom of the 3rd over - 0 run(s), 0 hit(s), 0 error(s), 0 left on base; Augusta 0 - Ellenburg 1
TOP OF THE 4TH
Augusta Timber Hawks batting - Pitching for Ellenburg Fighting Dachsunds : RHP Daniel Riley
Batting: SHB Adrián Zamudio 0-0: Called Strike
0-1: Ground out 6-3 (Groundball, 6)
Batting: RHB Pedro Jiménez 0-0: Ball
1-0: Fly out, F8 (Flyball, 8LM)
Batting: LHB António Serrano 0-0: Ball
1-0: Ground out 4-3 (Groundball, 4)
Top of the 4th over - 0 run(s), 0 hit(s), 0 error(s), 0 left on base; Augusta 0 - Ellenburg 1
BOTTOM OF THE 4TH
Ellenburg Fighting Dachsunds batting - Pitching for Augusta Timber Hawks : LHP Roy Alsobrook
Batting: RHB Preston Hernández 0-0: Ball
1-0: Fly out, F7 (Flyball, 7D)
Batting: RHB Héctor Rivera 0-0: Ball
1-0: Called Strike
1-1: SINGLE (Groundball, 4M) (infield hit)
Batting: RHB Edwin Berns 0-0: Ball
1-0: Foul Ball, location: 2F
1-1: Ball
2-1: Foul Ball, location: 2F
2-2: Foul Ball, location: 2F
2-2: SINGLE (Groundball, 23) (infield hit)
Héctor Rivera to second
Batting: RHB Jack Burton 0-0: Ball
1-0: Ball
2-0: Called Strike
2-1: Swinging Strike
2-2: Foul Ball, location: 2F
2-2: Fielders Choice at 2nd, 6-4 (Groundball, 6)
Héctor Rivera to third
Batting: RHB Marty Jennings 0-0: Ball
1-0: Called Strike
1-1: Called Strike
1-2: Fielders Choice at 2nd, U6 (Groundball, 6M)
Bottom of the 4th over - 0 run(s), 2 hit(s), 0 error(s), 2 left on base; Augusta 0 - Ellenburg 1
TOP OF THE 5TH
Augusta Timber Hawks batting - Pitching for Ellenburg Fighting Dachsunds : RHP Daniel Riley
Batting: RHB Uchino Akahito 0-0: Ball
1-0: Fly out, F3 (Popup, 3)
Batting: RHB Jeremy Boyter 0-0: Ground out 4-3 (Groundball, 4)
Batting: RHB Anastasio Hernández 0-0: Foul Ball, location: 2F
0-1: Ball
1-1: Swinging Strike
1-2: Ball
2-2: Ball
3-2: SINGLE (Groundball, 4) (infield hit)
Batting: LHB Alberto Torres 0-0: Called Strike
0-1: Ball
1-1: Swinging Strike
Anastasio Hernández steals 2nd base
1-2: Strikes out swinging
Top of the 5th over - 0 run(s), 1 hit(s), 0 error(s), 1 left on base; Augusta 0 - Ellenburg 1
BOTTOM OF THE 5TH
Ellenburg Fighting Dachsunds batting - Pitching for Augusta Timber Hawks : LHP Roy Alsobrook
Batting: RHB Roy Bowman 0-0: Foul Ball, location: 2F
0-1: Ground out 4-3 (Groundball, 4)
Batting: RHB Norman Winston 0-0: Foul Ball, location: 2F
0-1: Ball
1-1: Ball
2-1: Foul Ball, location: 2F
2-2: Foul Ball, location: 2F
2-2: Foul Ball, location: 2F
2-2: Ground out 4-3 (Groundball, 4)
Batting: RHB José Vázquez 0-0: Fly out, F7 (Flyball, 7D)
Bottom of the 5th over - 0 run(s), 0 hit(s), 0 error(s), 0 left on base; Augusta 0 - Ellenburg 1
TOP OF THE 6TH
Augusta Timber Hawks batting - Pitching for Ellenburg Fighting Dachsunds : RHP Daniel Riley
Batting: LHB José Marín 0-0: Ball
1-0: Fly out, F7 (Flyball, 7S)
Batting: RHB Scott Robertson 0-0: Foul Ball, location: 2F
0-1: Called Strike
0-2: Strikes out swinging
Batting: SHB Adrián Zamudio 0-0: Ball
1-0: Called Strike
1-1: Ball
2-1: Ball
3-1: SINGLE (Groundball, 34D)
Batting: RHB Pedro Jiménez 0-0: Ball
1-0: Fly out, F7 (Flyball, 78M)
Top of the 6th over - 0 run(s), 1 hit(s), 0 error(s), 1 left on base; Augusta 0 - Ellenburg 1
BOTTOM OF THE 6TH
Ellenburg Fighting Dachsunds batting - Pitching for Augusta Timber Hawks : LHP Roy Alsobrook
Batting: RHB Peter Heard 0-0: Called Strike
0-1: Ball
1-1: Foul Ball, location: 2F
1-2: Strikes out looking
Batting: RHB Preston Hernández 0-0: Ball
1-0: Called Strike
1-1: Ground out 5-3 (Groundball, 56S)
Batting: RHB Héctor Rivera 0-0: Ball
1-0: Foul Ball, location: 2F
1-1: Ball
2-1: Foul Ball, location: 2F
2-2: Ground out 5-3 (Groundball, 56S)
Bottom of the 6th over - 0 run(s), 0 hit(s), 0 error(s), 0 left on base; Augusta 0 - Ellenburg 1
TOP OF THE 7TH
Augusta Timber Hawks batting - Pitching for Ellenburg Fighting Dachsunds : RHP Daniel Riley
Batting: LHB António Serrano 0-0: Ball
1-0: Ball
2-0: Called Strike
2-1: SINGLE (Groundball, 4D)
Batting: RHB Uchino Akahito 0-0: Ball
1-0: Bunted foul
1-1: Ball
2-1: Called Strike
António Serrano steals 2nd base
2-2: Ground out 6-3 (Groundball, 6)
António Serrano to third
Pinch Hitting: SHB Eduardo Pampin 0-0: DOUBLE (Flyball, 78XD)
António Serrano scores
Pinch Hitting: LHB José Pérez 0-0: Ball
1-0: Ball
2-0: Ball
3-0: Called Strike
3-1: Swinging Strike
3-2: Foul Ball, location: 2F
3-2: Strikes out swinging
Batting: LHB Alberto Torres 0-0: Fly out, F7 (Flyball, 7)
Top of the 7th over - 1 run(s), 2 hit(s), 0 error(s), 1 left on base; Augusta 1 - Ellenburg 1
BOTTOM OF THE 7TH
Ellenburg Fighting Dachsunds batting - Pitching for Augusta Timber Hawks : LHP Roy Alsobrook
Now at SS: Manuel González
Now in CF: José Pérez
Batting: RHB Edwin Berns 0-0: Ball
1-0: Ball
2-0: Ball
3-0: Called Strike
3-1: Base on Balls
Batting: RHB Jack Burton 0-0: Sac Bunt - play at first, batter OUT! 3-4
Edwin Berns to second
Batting: RHB Marty Jennings 0-0: Called Strike
0-1: Ball
1-1: Ball
2-1: Foul Ball, location: 2F
2-2: SINGLE (Groundball, 6MD)
Edwin Berns to third
Runner from 3rd tries for Home, SAFE, no throw
Batting: RHB Roy Bowman 0-0: Foul Ball, location: 2F
0-1: Fly out, F8 (Flyball, 8RD)
Batting: RHB Norman Winston 0-0: Called Strike
0-1: Called Strike
0-2: Foul Ball, location: 2F
0-2: Ball
1-2: Ball
2-2: Strikes out swinging
Bottom of the 7th over - 1 run(s), 1 hit(s), 0 error(s), 1 left on base; Augusta 1 - Ellenburg 2
TOP OF THE 8TH
Augusta Timber Hawks batting - Pitching for Ellenburg Fighting Dachsunds : RHP Daniel Riley
Now at 2B: Ron Johnston
Batting: LHB José Marín 0-0: Called Strike
0-1: Ball
1-1: SINGLE (Groundball, 4MD)
Pinch Hitting: LHB Juan Gabriel 0-0: Ball
1-0: Called Strike
1-1: Foul Ball, location: 2F
1-2: Ball
2-2: Ball
3-2: SINGLE (Groundball, 5D)
José Marín to second
Pitching: RHP Garrett Harrington
Batting: SHB Adrián Zamudio 0-0: Fly out, F7 (Flyball, 7S)
Batting: RHB Pedro Jiménez 0-0: Ball
1-0: Ball
2-0: Foul Ball, location: 2F
2-1: Ball
3-1: Base on Balls
José Marín to third
Juan Gabriel to second
Pitching: LHP Bill Edmonds
Batting: LHB António Serrano 0-0: Ball
1-0: Foul Ball, location: 2F
1-1: Grounds into fielders choice 3-2 (Groundball, 3S)
Juan Gabriel to third
Pedro Jiménez to second
Pitching: RHP Dave Mitchell
Batting: RHB Uchino Akahito 0-0: Ball
1-0: Foul Ball, location: 2F
1-1: Fly out, F7 (Flyball, 78S)
Top of the 8th over - 0 run(s), 2 hit(s), 0 error(s), 3 left on base; Augusta 1 - Ellenburg 2
BOTTOM OF THE 8TH
Ellenburg Fighting Dachsunds batting - Pitching for Augusta Timber Hawks : LHP Roy Alsobrook
Now at 3B: Juan Gabriel
Batting: RHB José Vázquez 0-0: Called Strike
0-1: Ball
1-1: Swinging Strike
1-2: Foul Ball, location: 2F
1-2: Foul Ball, location: 2F
1-2: Strikes out swinging
Pitching: RHP Ángel Gómez
Batting: RHB Peter Heard 0-0: Ball
1-0: SINGLE (Line Drive, 6D)
Batting: RHB Preston Hernández 0-0: Ball
1-0: Called Strike
1-1: Called Strike
1-2: Ball
2-2: Strikes out looking
Batting: RHB Héctor Rivera 0-0: Called Strike
0-1: Ball
1-1: Ball
2-1: Foul Ball, location: 2F
2-2: Ball
3-2: Base on Balls
Peter Heard to second
Pinch Hitting: LHB José Ortega 0-0: Called Strike
0-1: Foul Ball, location: 2F
0-2: Strikes out looking
Bottom of the 8th over - 0 run(s), 1 hit(s), 0 error(s), 2 left on base; Augusta 1 - Ellenburg 2
TOP OF THE 9TH
Augusta Timber Hawks batting - Pitching for Ellenburg Fighting Dachsunds : RHP Dave Mitchell
Pitching: LHP An Jang-Yop
Now in LF: José Ortega
Pinch Hitting: RHB Jaime Cruz 0-0: Foul Ball, location: 2F
0-1: Ground out 1-3 (Groundball, 13)
Pinch Hitting: RHB Armond Merlin 0-0: Foul Ball, location: 2F
0-1: Foul Ball, location: 2F
0-2: Ball
1-2: Strikes out swinging
Batting: LHB Alberto Torres 0-0: Swinging Strike
0-1: Swinging Strike
0-2: Ball
1-2: Strikes out swinging
Top of the 9th over - 0 run(s), 0 hit(s), 0 error(s), 0 left on base; Augusta 1 - Ellenburg 2
Thursday, August 31st, 2017 - OOTP Baseball 17.12 Build 75